 Dungeon Crawl Stone Soup version 0.30-a0-879-ga8ba668304 (webtiles) character file.

Game seed: 15140474617068524178

1769 Iich the Chopper (level 8, -1/66 HPs)
             Began as a Demonspawn Fighter on Mar 12, 2023.
             Killed by nerve-wracking pain
             ... invoked by an orc priest
              (13 damage)
             ... on level 6 of the Dungeon.
             The game lasted 00:09:41 (5492 turns).

Iich the Chopper (Demonspawn Fighter)               Turns: 5492, Time: 00:09:43

Health: -1/66      AC: 11    Str: 17    XL:     8   Next: 80%
Magic:  8/8        EV:  8    Int:  9    God:
Gold:   291        SH: 10    Dex: 15    Spells: 7/7 levels left

rFire   . . .      SeeInvis .    a - +0 war axe
rCold   . . .      Faith    .    c - +0 buckler
rNeg    . . .      Spirit   .    y - +0 chain mail
rPois   .          Reflect  +    (helmet restricted)
rElec   .          Rampage  .    (no cloak)
rCorr   .                        (no gloves)
Will    .....                    t - +0 pair of boots Stlth
                                 i - amulet of reflection
HPRegen 0.31/turn                (no ring)
MPRegen 0.11/turn                (no ring)

@: no status effects
A: hooves 1, rugged brown scales 1, powered by pain 1, spiny 2, horns 1
a: no special abilities


You were on level 6 of the Dungeon.
You visited 1 branch of the dungeon, and saw 6 of its levels.
You also visited: Sewer.

You collected 291 gold pieces.

Inventory:

Hand Weapons
 a - a +0 war axe (weapon)
Missiles
 b - a throwing net (quivered)
Armour
 c - a +0 buckler (worn)
 t - a +0 pair of boots (worn)
 y - a +0 chain mail (worn)
Jewellery
 i - an amulet of reflection (around neck)
 p - an amulet of faith
 x - a ring of fire
 C - a +6 ring of intelligence
Wands
 w - a wand of paralysis (20)
Scrolls
 e - a scroll of immolation
 g - a scroll of noise
 h - 2 scrolls of butterflies
 j - a scroll of magic mapping
 l - 3 scrolls of blinking
 n - 2 scrolls of fog
 r - a scroll of poison
 v - a scroll of amnesia
 D - a scroll of enchant weapon {unknown}
Potions
 d - a potion of heal wounds {unknown}
 f - a potion of berserk rage
 k - a potion of flight {unknown}
 m - a potion of ambrosia
 o - a potion of invisibility
 q - 2 potions of brilliance
 s - a potion of curing
 u - a potion of degeneration {unknown}
 z - a potion of experience {unknown}
 A - a potion of haste {unknown}
 B - a potion of lignification {unknown}


   Skills:
 + Level 6.5 Fighting
 * Level 7.7 Axes
 - Level 2.6 Armour
 + Level 4.6 Dodging
 - Level 2.6 Shields


You had 7 spell levels left.
You didn't know any spells.
Your spell library contained the following spells:

 Spells                   Type           Power      Damage    Failure   Level
 Kindle Blastsparks       Fire/Tloc/Air  0%         2d10      100%        3
 Stone Arrow              Conj/Erth      0%         3d7       100%        3
 Animate Armour           Summ/Erth      0%         N/A       100%        4
 Fulminant Prism          Conj/Hex       0%         3d5       100%        4
 Iskenderun's Mystic Bla  Conj/Tloc      0%         2d3       100%        4
 Lee's Rapid Deconstruct  Erth           0%         3d4*      100%        5
 Lehudib's Crystal Spear  Conj/Erth      0%         10d2      100%        8


Dungeon Overview and Level Annotations

Branches:
Dungeon (6/15)              Sewer (visited)
 Temple: D:4-7

Altars:

Shops:
D:3 ?


Innate Abilities, Weirdness & Mutations

You have large cloven feet.
You are partially covered in rugged brown scales. (AC +1, +3% HP)
You sometimes gain a little power by taking damage.
You are mostly covered in sharp spines.
You have a pair of small horns on your head.


Message History

You barely miss the orc. You block the orc's attack.
The orc priest hits you with a +0 club.
You hit the orc priest.
The orc priest is moderately wounded.
You hit the orc. You barely miss the orc warrior. You block the orc's attack.
You closely miss the orc priest.
The orc priest is moderately wounded.
You hit the orc but do no damage.
You hit the orc warrior but do no damage.
You block the orc's attack.
The orc priest begins to cast a cantrip, but forgets the words!
The orc priest looks satisfied for a moment.
The orc warrior hits you with a +0 war axe!
You barely miss the orc warrior. You headbutt the orc warrior.
The orc warrior is lightly wounded.
You slash the orc priest! You hit the orc but do no damage.
The orc is struck by your spines.
You kill the orc!
The orc priest hits you with a +0 club.
The orc warrior is struck by your spines.
The orc warrior hits you with a +0 war axe.
You hit the orc warrior but do no damage.
The orc warrior is moderately wounded.
You closely miss the orc priest. x2; You block the orc priest's attack.
The orc priest hits you with a +0 club. You block the orc warrior's attack.
The orc priest calls down the wrath of Beogh upon you.
Beogh smites you!
* * * LOW HITPOINT WARNING * * *
The orc warrior is struck by your spines.
The orc warrior hits you with a +0 war axe.
* * * LOW HITPOINT WARNING * * *
The orc priest invokes the aid of Beogh against you.
Beogh smites you!
* * * LOW HITPOINT WARNING * * *
The orc priest is struck by your spines.
The orc priest hits you but does no damage.
You feel better.
The orc priest invokes the aid of Beogh against you.
Pain shoots through your body!
You die...

#####+###
.......#
......#
#.##..#
###.##..#
#.......#
+..<....#
#+####@##
?.....ooo..#
........o..#
...........+
...........#
....####....
.... .....
... ......


You could see an orc warrior and 3 orc priests.

Vanquished Creatures
  Grinder (D:5)
  Sigmund (D:3)
  2 water moccasins
  A black bear (D:4)
  An ice beast (D:5)
  5 kobold brigands (Sewer)
  A scorpion (D:5)
  4 killer bees (D:4)
  A jelly (D:4)
  3 hounds
  2 iguanas
  7 gnolls
  13 adders
  2 river rats (D:4)
  6 worms
  A dart slug (D:5)
  3 orcs
  10 endoplasms
  5 giant cockroaches
  6 goblins
  7 hobgoblins
  2 jackals (D:1)
  4 quokkas
  10 ball pythons
  5 bats
  5 frilled lizards
  11 kobolds
  14 rats
133 creatures vanquished.

Vanquished Creatures (others)
  A plant (D:1)
1 creature vanquished.

Grand Total: 134 creatures vanquished

Notes
Turn   | Place    | Note
-------+----------+-------------------------------------------
     0 | D:1      | Iich the Demonspawn Fighter began the quest for the Orb.
     0 | D:1      | Reached XP level 1. HP: 18/18 MP: 1/1
    11 | D:1      | Reached skill level 2 in Axes
   128 | D:1      | Gained mutation: You are partially covered in sharp spines.
                  | [demonic ancestry]
   128 | D:1      | Reached XP level 2. HP: 24/24 MP: 2/2
   399 | D:1      | Reached XP level 3. HP: 29/29 MP: 3/3
   800 | D:2      | Reached skill level 3 in Axes
  1616 | D:3      | Gained mutation: Armour fits poorly on your strangely
                  | shaped body. [potion of mutation]
  1616 | D:3      | Gained mutation: You are somewhat resistant to further
                  | mutation. [potion of mutation]
  1644 | D:3      | Lost mutation: You are somewhat resistant to further
                  | mutation. [potion of mutation]
  1644 | D:3      | Lost mutation: Armour fits poorly on your strangely shaped
                  | body. [potion of mutation]
  1644 | D:3      | Gained mutation: You have a pair of small horns on your
                  | head. [potion of mutation]
  1687 | D:3      | Gained mutation: You have large cloven feet. [demonic
                  | ancestry]
  1687 | D:3      | Reached XP level 4. HP: 36/37 MP: 4/4
  1705 | D:3      | Noticed a water moccasin
  1716 | D:3      | Killed a water moccasin
  1717 | D:3      | Reached skill level 4 in Axes
  1717 | D:3      | Reached skill level 1 in Dodging
  1717 | D:3      | Reached XP level 5. HP: 9/42 MP: 5/5
  2014 | D:3      | Noticed Sigmund
  2025 | D:3      | Killed Sigmund
  2026 | D:3      | Gained mutation: You are mostly covered in sharp spines.
                  | [demonic ancestry]
  2026 | D:3      | Reached XP level 6. HP: 18/49 MP: 6/6
  2743 | D:3      | Found Osetium's Magic Scroll Shoppe.
  3009 | D:4      | Reached skill level 5 in Axes
  3265 | D:4      | Gained mutation: You sometimes gain a little power by
                  | taking damage. [demonic ancestry]
  3265 | D:4      | Reached XP level 7. HP: 55/55 MP: 7/7
  3283 | D:4      | Reached skill level 5 in Fighting
  3402 | D:4      | Found a glowing drain.
  3410 | Sewer    | Entered a sewer
  3443 | Sewer    | Reached skill level 6 in Axes
  3841 | Sewer    | Gained mutation: You are partially covered in rugged brown
                  | scales. (AC +1, +3% HP) [demonic ancestry]
  3841 | Sewer    | Reached XP level 8. HP: 46/65 MP: 8/8
  4706 | D:5      | Entered Level 5 of the Dungeon
  4707 | D:5      | Noticed Grinder
  4711 | D:5      | Paralysed by Grinder for 3 turns
  4720 | D:5      | Killed Grinder
  4721 | D:5      | Reached skill level 7 in Axes
  5491 | D:6      | HP: 2/66 [orc priest/divine providence (10)]
  5492 | D:6      | Killed from afar by an orc priest

Illustrated notes

Levels and vault maps discovered:
D:1:      dpeg_arrival_brainrot, layout_rooms, serial_forest,
          infiniplex_forest_lined_3_way, infiniplex_forest_zigzag_2,
          infiniplex_forest_lined_4_way, infiniplex_forest_clump_diagonal,
          infiniplex_forest_lined_2, serial_bayou_pond_d, item_on_display_b
D:2:      layout_loops_corners
D:3:      layout_loops_corners, serial_shops, nicolae_shop_hallway_stairs,
          corner_web_ring, uniq_sigmund
D:4:      layout_basic, portal_sewer_entry_e
D:5:      layout_gridville, uniq_grinder
D:6:      layout_gridville, minmay_temple_entry_mini_moons

Skill      XL: |  1  2  3  4  5  6  7  8 |
---------------+-------------------------+-----
Axes           | 2 3 4 5 6 7 |  7.7
Fighting       | 4 5 6 |  6.5
Dodging        | 1 2 3 4 |  4.6
Armour         | |  2.6
Shields        | |  2.6

Action                     |  1- 3 |  4- 6 |  7- 9 || total
---------------------------+-------+-------+-------++-------
  Melee: War axe           |    73 |    57 |   144 ||   274
         Headbutt          |     1 |     6 |    17 ||    24
         Kick              |       |     7 |       ||     7
  Evoke: Wand              |       |     1 |       ||     1
    Use: Scroll            |     5 |     1 |     2 ||     8
         Potion            |     3 |     3 |     4 ||    10
 Armour: Scale mail        |    27 |    22 |    18 ||    67
         Chain mail        |       |       |    16 ||    16
  Dodge: Dodged            |    24 |    26 |    35 ||    85
  Block: Buckler           |     9 |    21 |    84 ||   114
         Reflection        |       |       |     3 ||     3

Table legend: (Time is in decaauts)
 A = Elapsed time spent in this place.
 B = Non-inter-level travel time spent in this place.
 C = Inter-level travel time spent in this place.
 D = Time resting spent in this place.
 E = Time spent auto-exploring this place.
 F = Levels seen in this place.
 G = Mean time per level.
                   A        B        C        D        E       F      G
               +--------+--------+--------+--------+--------+-----+--------+
         Total |   5747 |   5526 |    221 |    337 |   4019 |   7 |  821.0 |
       Dungeon |   4785 |   4564 |    221 |    337 |   3288 |   6 |  797.5 |
         Sewer |    962 |    962 |      0 |      0 |    731 |   1 |  962.0 |
               +--------+--------+--------+--------+--------+-----+--------+

Top non-repeatable levels by time:
     D:3: 1340 daAuts
     D:4: 1072 daAuts
   Sewer: 962 daAuts
     D:5: 789 daAuts
     D:1: 785 daAuts
     D:2: 783 daAuts
     D:6: 13 daAuts
